 Dungeon Crawl Stone Soup version 0.31-a0-844-gdc52ec4e09 (webtiles) character file.

Game seed: 12367822709625713499

1544 Kurtz the Cleaver (level 8, 0/52 HPs)
             Began as an Octopode Fighter on Sept 29, 2023.
             Was a Follower of Okawaru.
             Killed from afar by a steam dragon (8 damage)
             ... with a ball of steam
             ... on level 7 of the Dungeon.
             The game lasted 00:06:59 (5336 turns).

Kurtz the Cleaver (Octopode Fighter)                Turns: 5336, Time: 00:06:59

Health: 0/52       AC:  5    Str: 16    XL:     8   Next: 87%
Magic:  9/9        EV: 13    Int: 10    God:    Okawaru [*.....]
Gold:   289        SH:  4    Dex: 13    Spells: 7/7 levels left

rFire   . . .        a - +0 war axe
rCold   . . .        b - +0 buckler
rNeg    . . .        (helmet restricted)
rPois   +            (no amulet)
rElec   .            f - +4 ring of protection
rCorr   .            l - ring of willpower
SInv    .            s - ring of flight
Will    +....        o - ring of poison resistance
Stlth   +++          (no ring)
HPRegen 0.28/turn    (no ring)
MPRegen 0.11/turn    (no ring)
                     (no ring)

%: no passive effects
@: flying, hasted, very quick
A: almost no armour, amphibious, 8 rings, camouflage 1, gelatinous body 1,
(nimble swimmer 1), tentacles
a: Renounce Religion, Heroism


You were on level 7 of the Dungeon.
You worshipped Okawaru.
Okawaru was aware of your devotion.
You visited 1 branch of the dungeon, and saw 8 of its levels.

You collected 289 gold pieces.

Inventory:

Hand Weapons
 a - a +0 war axe (weapon)
Missiles
 m - 15 boomerangs
 p - 6 poisoned darts
Armour
 b - a +0 buckler (worn)
Jewellery
 f - a +4 ring of protection (left tentacle)
 l - a ring of willpower (right tentacle)
 o - a ring of poison resistance (on tentacle)
 s - a ring of flight (on tentacle)
Wands
 u - a wand of mindburst (8) (quivered)
 x - a wand of roots (13)
 C - a wand of acid (7)
Scrolls
 g - 2 scrolls of teleportation
 h - 2 scrolls of enchant armour
 k - 2 scrolls of vulnerability
 q - 3 scrolls of immolation
 t - 2 scrolls of fear
 y - a scroll of amnesia
Potions
 c - a potion of might
 d - a potion of mutation
 i - 3 potions of haste
 j - 2 potions of brilliance
 n - 4 potions of lignification {unknown}
 r - a potion of invisibility {unknown}
 v - a potion of resistance {unknown}
 w - a potion of curing {unknown}
 z - 2 potions of berserk rage {unknown}
 A - a potion of heal wounds {unknown}
 B - a potion of attraction {unknown}


   Skills:
 - Level 3.5 Fighting
 * Level 10.2 Axes
 - Level 3.3 Dodging
 * Level 1.4 Stealth
 - Level 3.2 Shields
 * Level 2.5 Invocations


You had 7 spell levels left.
You didn't know any spells.
Your spell library contained the following spells:

 Spells                   Type           Power      Damage    Failure   Level
 Cigotuvi's Dreadful Rot  Necr/Pois/Air  0%         N/A       58%         2
 Mephitic Cloud           Conj/Pois/Air  0%         N/A       82%         3
 Animate Dead             Necr           Unusable   N/A       N/A         4

Dungeon Overview and Level Annotations

Branches:
Dungeon (8/15)
 Temple: D:4-7         Lair: D:8-11

Altars:
Gozag
Hepliaklqana
Makhleb
Okawaru
Trog
Xom

Shops:
D:1 =

Portals:
Bailey: D:7

Annotations:
D:5 3 runed translucent doors, Zxelo's ghost, amateur MiBe


Innate Abilities, Weirdness & Mutations

You cannot wear most types of armour.
You are amphibious.
You can wear up to eight rings at the same time.
Your skin changes colour to match your surroundings (Stealth+).
Your rubbery body absorbs attacks. (AC +1, EV +1)
((You are camouflaged when in or above water. (Stealth+)))
You have tentacles for arms and can constrict up to eight enemies at once.


Message History

Unknown command.
An orc comes into view. It is wielding a +0 dagger.
The orc shouts!
You block the orc's attack.
You see here a +0 trident.
Unknown command.
Aiming: Mindburst
Press: ? - help, Q - select action, (/) - cycle Shift-Dir - straight line, f/p - steam dragon
Aim: a steam dragon (severely wounded, chance to affect: 64%)
The orc's mind is blasted.
The orc hits you but does no damage. The orc closely misses you.
Unknown command.
Aiming: Mindburst
Press: ? - help, Q - select action, (/) - cycle Shift-Dir - straight line, f/p - steam dragon
Aim: a steam dragon (severely wounded, chance to affect: 64%)
The orc's mind is blasted!!
You blow up the orc!
Okawaru accepts your kill. The orc hits you but does no damage.
Unknown command.
Aiming: Mindburst
Press: ? - help, Q - select action, (/) - cycle Shift-Dir - straight line, f/p - steam dragon
Aim: a steam dragon (severely wounded, chance to affect: 64%)
The steam dragon struggles to resist.
You are engulfed in a cloud of scalding steam.
The orc barely misses you. The orc hits you but does no damage.
The steam dragon breathes steam at you. The ball of steam hits you!!
* * * LOW HITPOINT WARNING * * *
You hear an angry hiss.
Found two spears and a halberd.
Found a flagged portal.
An iguana comes into view.
The orc attacks as it pursues you! The orc barely misses you.
You feel yourself speed up. You block the orc's attack. x2
The steam dragon breathes steam at you.
The ball of steam hits the orc!
The orc dies!
The ball of steam hits you!
You die...

.......
#...........
#...........
########...........
...................
...................
........o..........
.....§§@§§D........
....§...§§§........
....§§...§<........
)..####............
∩) #............ l
#............
#............
#............
#............


You could see an orc.

Vanquished Creatures
  Sigmund (D:4)
  An ice beast (D:4)
  2 ogres (D:5)
  2 phantoms
  3 bullfrogs
  7 scorpions
  A howler monkey (D:6)
  2 jellies (D:6)
  2 hounds
  A gnoll bouda (D:5)
  2 iguanas
  3 gnolls (D:5)
  5 adders
  2 ufetubi (D:4)
  A worm (D:2)
  3 dart slugs (D:1)
  7 orcs
  8 endoplasms
  2 giant cockroaches
  6 goblins
  6 hobgoblins
  6 kobolds
  4 quokkas
  2 ball pythons
  3 bats
  A frilled lizard (D:1)
  4 rats
87 creatures vanquished.

Vanquished Creatures (others)
  An orc (D:7)
1 creature vanquished.

Grand Total: 88 creatures vanquished

Notes
Turn   | Place    | Note
-------+----------+-------------------------------------------
     0 | D:1      | Kurtz the Octopode Fighter began the quest for the Orb.
     0 | D:1      | Reached XP level 1. HP: 16/16 MP: 1/1
    81 | D:1      | Reached XP level 2. HP: 16/21 MP: 2/2
   191 | D:1      | Reached skill level 3 in Axes
   315 | D:1      | Found Jeimem's One-of-a-Kind Rings.
   660 | D:1      | Reached XP level 3. HP: 21/26 MP: 3/3
  1070 | D:2      | Reached skill level 4 in Axes
  1209 | D:2      | Reached XP level 4. HP: 29/31 MP: 4/4
  1983 | D:3      | Noticed a scorpion
  2032 | D:3      | Killed a scorpion
  2033 | D:3      | Reached skill level 5 in Axes
  2033 | D:3      | Reached XP level 5. HP: 36/36 MP: 5/5
  2087 | D:3      | Found a faded altar of an unknown god.
  2148 | D:3      | Found a hazy altar of Hepliaklqana.
  2221 | D:3      | Got a rare book
  2484 | D:4      | Reached skill level 6 in Axes
  2484 | D:4      | Reached XP level 6. HP: 26/42 MP: 6/6
  2718 | D:4      | Identified the +0 robe of the Past {rPois Int+7}
  2786 | D:4      | Noticed an ice beast
  2804 | D:4      | Killed an ice beast
  2805 | D:4      | Reached skill level 7 in Axes
  2823 | D:4      | Noticed Sigmund
  2828 | D:4      | Reached XP level 7. HP: 37/46 MP: 7/7
  2889 | D:4      | Killed Sigmund
  2981 | D:4      | Found an opulent altar of Gozag.
  3015 | D:4      | Found an iron altar of Okawaru.
  3141 | D:4      | Became a worshipper of Warmaster Okawaru
  3301 | D:4      | Reached skill level 8 in Axes
  3485 | D:5      | Entered Level 5 of the Dungeon
  3485 | D:5      | Noticed Zxelo's ghost (amateur MiBe)
  3485 | D:5      | Noticed a two-headed ogre
  3485 | D:5      | Found a runed translucent gate.
  3485 | D:5      | Found a runed translucent gate.
  3485 | D:5      | Found a runed translucent gate.
  3518 | D:5      | Found a burning altar of Makhleb.
  3588 | D:5      | Found a shimmering altar of Xom.
  3674 | D:5      | Found a bloodstained altar of Trog.
  3812 | D:5      | Reached skill level 1 in Invocations
  3812 | D:5      | Reached XP level 8. HP: 52/52 MP: 8/8
  3969 | D:5      | Reached skill level 9 in Axes
  4764 | D:6      | Reached * piety under Okawaru
  4812 | D:6      | Reached skill level 10 in Axes
  4921 | D:6      | Reached skill level 1 in Stealth
  5335 | D:7      | Found a flagged portal.
  5336 | D:7      | Killed from afar by a steam dragon

Illustrated notes

Levels and vault maps discovered:
D:1:      mrwooster_arrival_statue_2, layout_loops_corners,
          nicolae_shop_unique_rings, minmay_3d_cube
D:2:      layout_loops_corners
D:3:      layout_rooms, mainiacjoe_overflow_alcove_1,
          ebering_ecumenical_altar_petrified
D:4:      layout_basic, grunt_gozag_breadcrumbs, kennysheep_mini,
          minmay_misc_feat_room, uniq_sigmund
D:5:      wander_river, layout_loops_ring,
          mainiacjoe_overflow_concentric_impassable,
          mainiacjoe_overflow_big_doors, gammafunk_ghost_split
D:6:      layout_basic, st_stairs_8, corexii_hall_statues_x, minmay_checkerbox
D:7:      layout_gridville, minmay_temple_entry_tees, enter_bailey_2
D:8:      layout_cave_pools, kennysheep_generic_room_12

Skill      XL: |  1  2  3  4  5  6  7  8 |
---------------+-------------------------+-----
Axes           | 3 4 5 6 7 8 10 | 10.2
Invocations    | 1 2 |  2.5
Stealth        | 1 |  1.4
Fighting       | |  3.5
Dodging        | |  3.3
Shields        | |  3.2

Action                     |  1- 3 |  4- 6 |  7- 9 || total
---------------------------+-------+-------+-------++-------
  Melee: War axe           |    67 |    66 |    75 ||   208
         Constrict         |    17 |     8 |    17 ||    42
         Tentacles         |     7 |    12 |    16 ||    35
         Punch             |     1 |       |     4 ||     5
  Throw: Boomerang         |       |     1 |    47 ||    48
         Dart              |       |       |     1 ||     1
  Evoke: Wand              |       |     2 |     5 ||     7
    Use: Scroll            |       |       |     9 ||     9
         Potion            |       |       |     1 ||     1
   Stab: Sleeping          |     3 |     3 |     4 ||    10
 Armour: Skin              |    20 |    31 |    39 ||    90
  Dodge: Dodged            |    40 |    43 |    34 ||   117
  Block: Buckler           |    13 |     8 |    19 ||    40

Table legend: (Time is in decaauts)
 A = Elapsed time spent in this place.
 B = Non-inter-level travel time spent in this place.
 C = Inter-level travel time spent in this place.
 D = Time resting spent in this place.
 E = Time spent auto-exploring this place.
 F = Levels seen in this place.
 G = Mean time per level.
                   A        B        C        D        E       F      G
               +--------+--------+--------+--------+--------+-----+--------+
         Total |   5405 |   4825 |    580 |    357 |   3492 |   8 |  675.6 |
       Dungeon |   5405 |   4825 |    580 |    357 |   3492 |   8 |  675.6 |
               +--------+--------+--------+--------+--------+-----+--------+

Top non-repeatable levels by time:
     D:4: 1124 daAuts
     D:2: 996 daAuts
     D:1: 955 daAuts
     D:5: 887 daAuts
     D:6: 732 daAuts
     D:3: 627 daAuts
     D:7: 80 daAuts
     D:8: 1 daAuts
